[Event "Early-Titled-Tuesday-Blitz-February-13-2024"]
[Site "Chess.com"]
[Date "2024.02.13"]
[Round "8"]
[White "Caroexpert"]
[Black "ProfessorChess101"]
[Result "0-1"]
[WhiteElo "2545"]
[BlackElo "2793"]
[TimeControl "180+1"]
[EndTime "9:33:10 PST"]
[Termination "ProfessorChess101 won by resignation"]

1. d4 Nf6 2. c4 e6 3. Nc3 d5 4. cxd5 exd5 5. Bf4 Bd6 6. Bxd6 Qxd6 7. e3 O-O 8. Nge2 a6 9. Ng3 b5 10. Rc1 Be6 11. Bd3 Nbd7 12. O-O c5 13. dxc5 Nxc5 14. Bb1 Rfd8 15. Nce2 Nce4 16. Qd4 Qe7 17. Nf4 Rac8 18.
Rxc8 Bxc8 19. Rc1 Bb7 20. Nf5 Qd7 21. Bxe4 dxe4 22. Qxd7 Rxd7 23. Nd4 Kf8 24. Kf1 g6 25. Ke2 Ke7 26. h4 h6 27. Rc5 Kd6 28. Rc2 Rc7 29.
Rd2 Ke5 30. f3 Nd5 31. Nxd5 Bxd5 32. f4+ Kf6 33. b3 Rc1 34. Kf2 Rh1 35. Nxb5 Be6 36. Nd6 Ke7 37. Nxe4 Rxh4 38. Ng3 h5 39. Rd4 Rg4 40. Ra4 h4 41. Ne2 Kf8 42. Rxa6 Bd5 43.
Rd6 Bxg2 44. Nd4 Be4 45. Rc6 Bxc6 46. Nxc6 h3 47. Ne5 h2 48. Nxg4 h1=Q 49. Ne5 Qb1 50. Kf3 Qxa2 51. Ng4 Qxb3 52. Ne5 Ke7 53. Ng4 Ke6 0-1

[Event "Early-Titled-Tuesday-Blitz-February-13-2024"]
[Site "Chess.com"]
[Date "2024.02.13"]
[Round "8"]
[White "bazar-wokzal"]
[Black "viviania"]
[Result "0-1"]
[WhiteElo "2669"]
[BlackElo "2901"]
[TimeControl "180+1"]
[EndTime "9:33:11 PST"]
[Termination "viviania won by resignation"]

1. e4 c5 2. c3 e6 3. d4 d5 4.
exd5 exd5 5. Nf3 Nf6 6. Be3 c4 7. b3 cxb3 8. axb3 Bd6 9. Bd3 O-O 10. O-O Bg4 11. Nbd2 Nc6 12. h3 Bh5 13. Re1 Re8 14.
Bg5 Rxe1+ 15. Qxe1 h6 16. Bh4 g5 17. Bg3 Bxg3 18.
fxg3 Qd6 19. g4 Re8 20. Qf2 Bg6 21. Bxg6 fxg6 22. Rf1 Kg7 23. Re1 Re7 24. Ne5 Nxe5 25. dxe5 Rxe5 26. Rxe5 Qxe5 27. Qxa7 Qe1+ 28. Nf1 Qxc3 29.
Qxb7+ Kf8 30. Qb8+ Kf7 31. Qb7+ Ke6 32. Qb6+ Ke5 33.
Qb8+ Ke4 34. Kh2 Kd3 35. Ng3 Qd4 36. b4 Qf4 37. Qb5+ Kc2 38. Qe2+ Kc3 39. b5 Ne4 40. Qf3+ Qxf3 41. gxf3 Nd6 42. b6 Kc4 43. Ne2 d4 44.
Ng3 Kb5 45. Ne4 Nb7 46. Kg3 Kxb6 47. f4 Nc5 48. Nd2 Kc6 49. fxg5 hxg5 50. h4 gxh4+ 51. Kxh4 Kd5 52. Nf3 Ne4 53. g5 d3 54. Kg4 d2 55.
Nxd2 Nxd2 56. Kf4 Nc4 0-1

[Event "Early-Titled-Tuesday-Blitz-February-13-2024"]
[Site "Chess.com"]
[Date "2024.02.13"]
[Round "8"]
[White "ilqar_74"]
[Black "Herzog2012"]
[Result "1-0"]
[WhiteElo "2801"]
[BlackElo "2522"]
[TimeControl "180+1"]
[EndTime "9:33:11 PST"]
[Termination "ilqar_74 won on time"]

1. e4 c5 2. Nf3 d6 3. d4 cxd4 4. Nxd4 Nf6 5. Nc3 Nc6 6. Be2 e5 7. Nf5 Nxe4 8. Nxg7+ Bxg7 9. Nxe4 d5 10. Ng3 O-O 11.
Nh5 Be6 12. Nxg7 Kxg7 13. O-O f5 14. f4 e4 15. c3 Qf6 16. Be3 Rad8 17. Qe1 Kh8 18.
Rd1 Rg8 19. Qf2 Rg7 20. Bb5 d4 21. cxd4 Bd5 22. Kh1 h5 23. Qe2 Rdg8 24. Rg1 Qh6 25.
Rc1 Ne7 26. Rc7 Ng6 27. Rc5 Ne7 28. Rc7 h4 29. Qf2 Ng6 30. Rxg7 Rxg7 31. Rc1 Ne7 32. b3 Kh7 33. Bc4 Rg4 34. Rd1 Qh5 35. Re1 Rg7 36. Rg1 Qg4 37. h3 Qh5 38. Kh2 Bxc4 39.
bxc4 Rg3 40. d5 b6 41. d6 Nc6 42. d7 Qf7 43. Qd2 Qe7 44. Rd1 Rg8 45. Qd5 Qf6 46. Qd6 Qg7 47. Qd2 Qg3+ 48. Kh1 Nd8 49. Rf1 Ne6 50. Qf2 Qxf2 51. Bxf2 Rd8 52. Rd1 Nxf4 53.
Bxh4 Nd3 54. Bxd8 Nf2+ 55. Kg1 Nxd1 56. Bg5 1-0

[Event "Early-Titled-Tuesday-Blitz-February-13-2024"]
[Site "Chess.com"]
[Date "2024.02.13"]
[Round "8"]
[White "banhgiahuy2606"]
[Black "DeArron_Fox"]
[Result "1-0"]
[WhiteElo "2686"]
[BlackElo "2512"]
[TimeControl "180+1"]
[EndTime "9:33:12 PST"]
[Termination "banhgiahuy2606 won on time"]

1. e4 c5 2. Nf3 e6 3. b3 d6 4. Bb2 Nf6 5. e5 dxe5 6. Nxe5 Bd7 7. Nxd7 Qxd7 8. Nc3 Nc6 9. Bb5 Be7 10. Qe2 a6 11.
Bxc6 Qxc6 12. O-O-O O-O 13. g4 b5 14. g5 Nd7 15. h4 c4 16. Kb1 Rfc8 17. Rc1 a5 18. h5 Bxg5 19. h6 g6 20. Ne4 Be7 21.
Qe3 a4 22. f4 axb3 23. cxb3 Qa6 24. a4 bxa4 25. Qd4 e5 26. Qxd7 axb3 27. Rcf1 Qa2+ 28.
Kc1 Ba3 29. Nf6+ Kh8 30. Kd1 Qb1+ 31. Ke2 Qd3+ 32. Qxd3 cxd3+ 33. Kxd3 Bxb2 34. Rb1 Bd4 35. Rxb3 Rd8 36. Ne4 exf4 37. Ke2 f5 38. Ng5 Ra7 39. Rhb1 Re7+ 40. Kf3 Bf6 41. Rb8 Rde8 42. Nf7+ Kg8 43.
Nd6 Kf8 44. Rxe8+ Rxe8 45. Nxe8 Kxe8 46. Rb7 Be7 47. Kxf4 Kf7 48. Ke5 Kf8 49. Ke6 Bg5 50. Rxh7 Kg8 51. Rg7+ Kh8 52. Rxg6 Bxd2 53. Kxf5 Kh7 54.
Rd6 Bxh6 55. Rd7+ Bg7 56. Kg5 1-0

[Event "Early-Titled-Tuesday-Blitz-February-13-2024"]
[Site "Chess.com"]
[Date "2024.02.13"]
[Round "8"]
[White "stollenmonster"]
[Black "WilsonPalencia21"]
[Result "1-0"]
[WhiteElo "2888"]
[BlackElo "2588"]
[TimeControl "180+1"]
[EndTime "9:33:13 PST"]
[Termination "stollenmonster won on time"]

1. e4 c5 2. Nf3 d6 3. d4 cxd4 4. Nxd4 Nf6 5. Nc3 g6 6. g3 Nc6 7. Nde2 Bg7 8. Bg2 O-O 9. h3 Rb8 10. a4 a6 11. O-O b5 12. axb5 axb5 13. Be3 b4 14. Nd5 Nd7 15. Ra2 e6 16. Ndf4 Qc7 17. b3 Nc5 18. Nd3 Ne5 19. f4 Nexd3 20. cxd3 Bd7 21. d4 Nb7 22. d5 exd5 23. Qxd5 Be6 24. Qd1 Nc5 25. Nd4 Bxd4 26. Qxd4 Nxb3 27. Qd1 Qc3 28. Bf2 Rfc8 29. f5 Bc4 30. Re1 Nc5 31. Rc2 Qd3 32. Rd2 Qb3 33. Qg4 Nd3 34. Bd4 Ne5 35. Qg5 Re8 36. h4 Nd7 37. h5 f6 38. Qh6 g5 39. Bxf6 Nxf6 40. Qxf6 Qc3 41. Qxg5+ Qg7 42. Qf4 Qe5 43. Qg5+ Kh8 44. h6 Rg8 45.
Qf4 Qxf4 46. gxf4 b3 47. Kf2 b2 48. Rb1 Bb3 49. Rdxb2 Bf7 50. Rxb8 1-0

[Event "Early-Titled-Tuesday-Blitz-February-13-2024"]
[Site "Chess.com"]
[Date "2024.02.13"]
[Round "8"]
[White "Zampronha1971"]
[Black "Der_Balak_3Halak"]
[Result "0-1"]
[WhiteElo "2309"]
[BlackElo "2448"]
[TimeControl "180+1"]
[EndTime "9:33:13 PST"]
[Termination "Der_Balak_3Halak won on time"]

1. e4 g6 2. d4 Bg7 3. Nc3 c5 4. Nf3 cxd4 5. Nxd4 Nc6 6. Be3 Nf6 7. Bc4 O-O 8. Bb3 a6 9. f3 b5 10. O-O Bb7 11. a4 b4 12. Nd5 Nxd4 13. Bxd4 Nxd5 14. Bxd5 Bxd4+ 15. Qxd4 Rb8 16. Rfd1 Bxd5 17. Qxd5 Qb6+ 18.
Kh1 d6 19. a5 Qb5 20. Qd4 Rfc8 21. Rd2 Rc4 22. Qa7 Rb7 23. Qa8+ Rb8 24. Qa7 Rb7 25. Qa8+ Kg7 26. Rd5 Qc6 27. Rd2 Rc7 28. Qb8 Rxc2 29. Rxc2 Qxc2 30. Rf1 b3 31. Qb6 Rc6 32. Qb7 e5 33. h3 h5 34. Kh2 h4 35. f4 Qc4 36.
Rf3 exf4 37. Rxf4 Rc7 38. Qb6 Qc5 39. Qxa6 Ra7 40. Qd3 Qe5 41. g3 hxg3+ 42. Qxg3 Rxa5 43. Rf3 Qxg3+ 44. Kxg3 Rb5 45. Rd3 Kf6 46. Rxd6+ Ke5 47. Rd7 f6 48. Rg7 g5 49. Kg4 Kxe4 50. Rf7 f5+ 51. Kxg5 f4+ 52. Kg4 Kd3 53. Kxf4 Rb4+ 54. Kg3 Kc2 55. h4 Kxb2 56. h5 Rb5 57. Rf1 Rxh5 0-1

[Event "Early-Titled-Tuesday-Blitz-February-13-2024"]
[Site "Chess.com"]
[Date "2024.02.13"]
[Round "8"]
[White "Licancabur"]
[Black "giovannibrandao7"]
[Result "1-0"]
[WhiteElo "2442"]
[BlackElo "2256"]
[TimeControl "180+1"]
[EndTime "9:33:14 PST"]
[Termination "Licancabur won by resignation"]

1. d4 Nf6 2. Bg5 d5 3. e3 Bf5 4. Nd2 e6 5. Ngf3 Nbd7 6. Be2 h6 7. Bh4 c6 8. O-O Qc7 9. Bg3 Bd6 10. c4 O-O 11. Rc1 dxc4 12. Bxd6 Qxd6 13. Nxc4 Qb4 14. a3 Qe7 15. h3 Rfd8 16. Qb3 Rab8 17. Rfd1 c5 18.
Nce5 Nxe5 19. Nxe5 cxd4 20. Rxd4 Rxd4 21. exd4 Rd8 22.
Bf3 Be4 23. Bxe4 Nxe4 24. Qe3 Nd6 25. Qc3 f6 26. Nf3 Qd7 27. Re1 Nb5 28. Qc4 Qd5 29. Qxd5 Rxd5 30. Rxe6 Nxd4 31. Nxd4 Rxd4 32. Re7 Rd1+ 33. Kh2 Rd2 34. Rxb7 Rxf2 35. b4 a6 36. a4 Ra2 37. a5 Ra4 38. Kg3 Kh7 39. Kf4 Kg6 40.
Ke4 h5 41. h4 Ra2 42. g3 Ra4 43. Kd5 Ra3 44. Rb6 Rxg3 45. Rxa6 Rg4 46. Rb6 Rxh4 47. a6 Rh1 48. b5 Ra1 49. Rb8 h4 50. Rh8 Kg5 51. Kc6 Rc1+ 52. Kb7 Rb1 53. b6 Kg4 54. a7 Ra1 55. a8=Q 1-0

[Event "Early-Titled-Tuesday-Blitz-February-13-2024"]
[Site "Chess.com"]
[Date "2024.02.13"]
[Round "8"]
[White "N4700000"]
[Black "aghasiyevkamal"]
[Result "1/2-1/2"]
[WhiteElo "2472"]
[BlackElo "2624"]
[TimeControl "180+1"]
[EndTime "9:33:15 PST"]
[Termination "Game drawn by repetition"]

1. e4 e5 2. Nf3 Nc6 3. Bc4 Bc5 4. c3 Nf6 5. d4 exd4 6. cxd4 Bb4+ 7. Nbd2 Bxd2+ 8.
Bxd2 d5 9. exd5 Nxd5 10. O-O O-O 11. Bg5 Qd6 12. h3 Bf5 13. Rc1 Be4 14. Re1 Rfe8 15. Bh4 Bxf3 16. Qxf3 Rxe1+ 17. Rxe1 Qb4 18. Qe2 Nf4 19. Qe4 Ng6 20. Bd5 Nxh4 21. a3 Nf3+ 22. gxf3 Qd6 23. Bxc6 Qxc6 24. Qxc6 bxc6 25. Rc1 Rb8 26.
Rxc6 Rxb2 27. Rxc7 g6 28. Rxa7 Rd2 29. Ra4 Kg7 30. Kf1 Kf6 31. Ke1 Ra2 32. Ra5 Ke6 33.
h4 h5 34. Ra7 f6 35. Ra6+ Kf5 36. d5 g5 37. hxg5 fxg5 38. d6 Ke6 39. Ra5 h4 40. Rxg5 h3 41. Rh5 Kxd6 42. Rxh3 Rxa3 43. Kf1 Ke5 44. Kg2 Kf4 45. Rh4+ Kg5 46. Rg4+ Kf5 47. Rb4 Ra1 48. f4 Ra3 49. f3 Ra1 50. Kg3 Rg1+ 51. Kf2 Ra1 52. Re4 Ra2+ 53. Kg3 Ra1 54.
Re5+ Kf6 55. Rb5 Rg1+ 56. Kf2 Ra1 57. Ke3 Ra3+ 58. Kf2 Ra1 59. Rc5 Rb1 60. Re5 Ra1 61. Kg3 Rg1+ 62. Kf2 Ra1 63. Ke3 Ra3+ 64. Ke4 Ra4+ 65.
Ke3 Ra3+ 66. Kf2 Ra1 1/2-1/2

[Event "Early-Titled-Tuesday-Blitz-February-13-2024"]
[Site "Chess.com"]
[Date "2024.02.13"]
[Round "8"]
[White "Kotlyar_K"]
[Black "CFalcons8"]
[Result "0-1"]
[WhiteElo "2530"]
[BlackElo "2389"]
[TimeControl "180+1"]
[EndTime "9:33:16 PST"]
[Termination "CFalcons8 won on time"]

1. e4 e5 2. Nf3 Nc6 3. d4 exd4 4. Nxd4 Nf6 5. Nc3 Bb4 6. Nxc6 bxc6 7. Bd3 d5 8. exd5 cxd5 9. O-O O-O 10. Bg5 c6 11. Qf3 h6 12. Bf4 Bd6 13. Ne2 Re8 14. h3 Qc7 15.
Bxh6 Ne4 16. Bf4 Rb8 17. b3 Bxf4 18. Qxf4 Qxf4 19. Nxf4 Nc5 20. Rfe1 Bd7 21. Bf1 Ne4 22. Bd3 Nc5 23. a3 a5 24. Rab1 Kf8 25. b4 axb4 26. axb4 Na4 27. Rxe8+ Bxe8 28. Rb3 Ke7 29. h4 Kd6 30. f3 Bd7 31. Kf2 Ra8 32. c4 Rb8 33. Ke3 Re8+ 34. Kd4 dxc4 35. Bxc4 c5+ 36. bxc5+ Nxc5 37.
Rb6+ Bc6 38. Bd5 Rc8 39. Bxf7 Nd7 40. Rb1 Rf8 41. Rd1 Rxf7 42. Ke3+ Ke7 43. Ng6+ Ke8 44.
Nf4 Re7+ 45. Kf2 Ne5 46. Re1 Kf7 47. h5 Kf6 48. Re3 Kf5 49. g3 Ra7 0-1

[Event "Early-Titled-Tuesday-Blitz-February-13-2024"]
[Site "Chess.com"]
[Date "2024.02.13"]
[Round "8"]
[White "HansOnTwitch"]
[Black "SpeedofLight0"]
[Result "1-0"]
[WhiteElo "3171"]
[BlackElo "3067"]
[TimeControl "180+1"]
[EndTime "9:33:17 PST"]
[Termination "HansOnTwitch won by checkmate"]

1. e4 Nc6 2. Nf3 d6 3. d4 Nf6 4. Nc3 g6 5. Be2 Bg7 6. O-O O-O 7.
d5 Nb8 8. h3 c6 9. a4 a5 10. Be3 Nbd7 11. Re1 Nb6 12. Qd2 Re8 13. Rad1 Qc7 14. Bh6 Bh8 15. Bf4 Nfd7 16. b3 Ne5 17. Nxe5 Bxe5 18. Bxe5 dxe5 19. h4 f6 20. dxc6 bxc6 21. h5 g5 22. Qe3 Be6 23. Rd2 Red8 24. Red1 Rxd2 25. Rxd2 Nd7 26. Nd1 Qa7 27. Qg3 Qc5 28.
Bg4 Nf8 29. Ne3 Qb4 30. Bxe6+ Nxe6 31. Nc4 Kf7 32. Qg4 Rd8 33. Rxd8 Nxd8 34. Qf5 Kg7 35. Ne3 Nf7 36. Qe6 Nh6 37. Qc4 Qe1+ 38. Qf1 Qc3 39.
Qd1 Qd4 40. Qxd4 exd4 41. Nc4 Nf7 42. Nxa5 Ne5 43. b4 Kf7 44. Nb3 d3 45. cxd3 Nxd3 46. a5 Nxb4 47. Nc5 Ke8 48. a6 Nxa6 49. Nxa6 Kd7 50.
Kf1 Kd6 51. Nb4 Kc5 52. Nc2 Kc4 53. Ke2 c5 54. Ne3+ Kd4 55. f3 e6 56. Ng4 f5 57.
exf5 exf5 58. Nf6 h6 59. Ng8 Kc3 60. Nxh6 c4 61. Nxf5 Kb2 62. Ne3 c3 63. Nd1+ Kc2 64. Nxc3 Kxc3 65. h6 g4 66. h7 gxf3+ 67. gxf3 Kc4 68.
h8=Q Kd5 69. Qf6 Kc4 70. Qe5 Kb3 71. f4 Kc2 72. f5 Kb3 73. f6 Kc4 74. f7 Kb3 75.
f8=Q Kc2 76. Qc8+ Kb3 77. Qeb8+ Ka2 78. Qa6# 1-0

[Event "Early-Titled-Tuesday-Blitz-February-13-2024"]
[Site "Chess.com"]
[Date "2024.02.13"]
[Round "8"]
[White "GoValya"]
[Black "FMStan15"]
[Result "1/2-1/2"]
[WhiteElo "2269"]
[BlackElo "2037"]
[TimeControl "180+1"]
[EndTime "9:33:18 PST"]
[Termination "Game drawn - insufficient material"]

1. d4 Nf6 2. c4 d6 3. Nc3 g6 4. e4 Bg7 5. Nf3 O-O 6. Be2 e5 7.
O-O Nbd7 8. h3 c6 9. dxe5 dxe5 10.
Be3 Qe7 11. Qc2 Nh5 12. a3 Nf4 13. b4 Nxe2+ 14. Qxe2 f5 15. Bg5 Bf6 16. Bxf6 Qxf6 17. Rfd1 f4 18. c5 g5 19. Rd6 Qg7 20. Rad1 Rf7 21.
Qc4 Kf8 22. b5 Rf6 23. Rxf6+ Qxf6 24. Rd6 Qg7 25. bxc6 bxc6 26. Rxc6 g4 27. hxg4 Qxg4 28. Qe6 Qxe6 29. Rxe6 Nxc5 30. Rxe5 Nd3 31. Rb5 Ba6 32. Rd5 Rc8 33. Ne2 Rc2 34. Nfd4 Ra2 35. f3 Rxa3 36. Rd7 Bc4 37. Nf5 Ne5 38. Rd2 Ra1+ 39. Kf2 Nd3+ 40.
Rxd3 Bxd3 41. Nxf4 Bc4 42. Ke3 a5 43. Kd4 Bb3 44.
Ke5 a4 45. Kf6 a3 46. e5 a2 47. e6 Bxe6 48. Nxe6+ Ke8 49. Nd6+ Kd7 50. Ne4 Rg1 51.
N4c5+ Kc6 52. Nb3 Rb1 53. Ned4+ Kd5 54. Kg7 Rg1 55. g4 a1=Q 56. Nxa1 Rxa1 57. Nf5 Ke5 58. Kxh7 Kf4 59. Kg6 Kxf3 60. g5 Rg1 61. Nd4+ Ke4 62. Ne6 Rxg5+ 63. Nxg5+ 1/2-1/2

[Event "Early-Titled-Tuesday-Blitz-February-13-2024"]
[Site "Chess.com"]
[Date "2024.02.13"]
[Round "8"]
[White "MrChessSponge"]
[Black "margarita_2703"]
[Result "0-1"]
[WhiteElo "2501"]
[BlackElo "2378"]
[TimeControl "180+1"]
[EndTime "9:33:19 PST"]
[Termination "margarita_2703 won by checkmate"]

1. Nf3 d5 2. c4 e6 3. d4 Nf6 4. g3 Be7 5. Bg2 O-O 6. O-O dxc4 7. Qc2 a6 8. Qxc4 b5 9. Qc2 Bb7 10. Bd2 Be4 11. Qc1 Nc6 12. e3 Nb4 13. Bxb4 Bxb4 14. a3 Bd6 15. Nbd2 Bb7 16. Nb3 Nd7 17. Qc2 Rc8 18. Ng5 Qxg5 19. Bxb7 Rb8 20. Bc6 Nf6 21. Rac1 h5 22. h4 Qg4 23. Qd1 Qg6 24. Qf3 Rfd8 25. Nc5 Bxc5 26. Rxc5 Ng4 27. Rfc1 f5 28. Qf4 Rd6 29.
Bf3 Re8 30. Bxg4 hxg4 31. Rxc7 Red8 32. R1c6 Rxc6 33. Rxc6 Qe8 34. Rc7 Rc8 35. Qe5 Rxc7 36. Qxc7 Qa8 37. h5 Qe4 38. Qe5 Qb1+ 39. Kg2 Kf7 40.
d5 exd5 41. Qxd5+ Kf8 42. Qe5 Kf7 43. Qf4 Kf6 44. h6 gxh6 45. Qxh6+ Ke5 46. Qf4+ Kf6 47. e4 Qxe4+ 48. Qxe4 fxe4 49. Kf1 Ke5 50. Ke2 Kd4 51. Kd2 a5 52. b3 a4 53. bxa4 bxa4 54. Ke2 Kc4 55. Ke3 Kb3 56. Kxe4 Kxa3 57. Kf4 Kb2 58. Kxg4 a3 59. Kg5 a2 60. f4 a1=Q 61. g4 Qa8 62.
f5 Qf8 63. Kg6 Kc3 64. g5 Kd4 65. f6 Ke5 66. Kh7 Kf5 67. g6 Kxf6 68. g7 Qxg7# 0-1

[Event "Early-Titled-Tuesday-Blitz-February-13-2024"]
[Site "Chess.com"]
[Date "2024.02.13"]
[Round "8"]
[White "TigrVShlyape"]
[Black "TimGrutter03"]
[Result "1-0"]
[WhiteElo "2863"]
[BlackElo "2643"]
[TimeControl "180+1"]
[EndTime "9:33:21 PST"]
[Termination "TigrVShlyape won on time"]

1. e4 c5 2. Nf3 e6 3. d4 cxd4 4.
Nxd4 Nc6 5. Nc3 Qc7 6. Be3 a6 7. Qf3 b5 8. Qg3 Qxg3 9. hxg3 Nxd4 10. Bxd4 Ne7 11. g4 Nc6 12. Be3 Bb4 13. Bd2 f6 14. a3 Ba5 15. a4 b4 16. Nd1 Bb7 17. Ne3 Rc8 18. f3 Nd4 19. Bd3 Bb6 20. a5 Bc5 21. b3 Bd6 22. Nc4 Bg3+ 23. Kd1 d5 24. exd5 Bxd5 25. Nb6 Rd8 26. Bxa6 Nxf3 27. Nxd5 Nxd2 28.
Kxd2 Rxd5+ 29. Ke2 Bc7 30. Bc4 Rxa5 31. Rxa5 Bxa5 32.
Ra1 Bd8 33. Ra7 O-O 34. Bxe6+ Kh8 35. Kf3 Re8 36. Bf7 Re7 37. Ra8 Rd7 38. Be6 Rd6 39. Rb8 g6 40. Bc4 Kg7 41. Rxb4 Rd2 42. Rb7+ Kh6 43.
Bd3 Kg5 44. Rb5+ Kh6 45. g3 Be7 46. Rb7 Bc5 47. b4 Rf2+ 48. Ke4 Bd6 49. c4 Bxg3 50. c5 Rf4+ 51. Kd5 Rxg4 52. b5 Bf2 53. c6 Rd4+ 54. Ke6 Rxd3 55. c7 Rc3 56. Kd7 Bg3 57. c8=Q Rxc8 58.
Kxc8 f5 59. b6 f4 60. Rf7 Kg5 61. b7 f3 62. Rxf3 Bd6 63. Rd3 Bf4 64. Rd4 Bh2 65.
Rc4 h5 66. Rc7 1-0

[Event "Early-Titled-Tuesday-Blitz-February-13-2024"]
[Site "Chess.com"]
[Date "2024.02.13"]
[Round "8"]
[White "Alenzer"]
[Black "bylavochka"]
[Result "0-1"]
[WhiteElo "2132"]
[BlackElo "2324"]
[TimeControl "180+1"]
[EndTime "9:33:21 PST"]
[Termination "bylavochka won by checkmate"]

1. e4 c5 2. Nf3 d6 3. c3 Nf6 4. h3 Nc6 5. Bd3 e6 6. Bc2 Be7 7. O-O O-O 8. Re1 Rb8 9. d4 cxd4 10. cxd4 e5 11. d5 Na5 12. Nc3 Nc4 13. b3 Nb6 14. Be3 Bd7 15. Rc1 Re8 16. a4 Nh5 17. a5 Nc8 18. b4 Nf4 19. Bxf4 exf4 20. e5 dxe5 21. Nxe5 Bxb4 22. Qd3 g6 23. Re2 Bf5 24. Qc4 Qxa5 25. Bxf5 Nd6 26. Qxf4 Bxc3 27. Bd7 Rxe5 28. Rxe5 Bxe5 29.
Qxe5 Qb6 30. Rd1 Rd8 31. Bg4 Re8 32. Qf6 Ne4 33. Qxb6 axb6 34. Bf3 Nd6 35. Rb1 b5 36. g3 Rc8 37. Kg2 Kg7 38. Rb2 Kf6 39. Be2 Rc5 40. Bf3 Ke5 41. Re2+ Kd4 42. Re7 b4 43. Rd7 Ke5 44. Re7+ Kd4 45. Rd7 Nb5 46. Bd1 Rc7 47. Rd8 Kc3 48. d6 Rc6 49. Ba4 Rxd6 50. Rc8+ Rc6 51. Rf8 b3 52. Bxb5 b2 53. Bd3 Kxd3 54. Rd8+ Kc2 55. Rd7 b1=Q 56. Rxf7 Rc5 57. Rxh7 Qb5 58.
Rh4 Qc6+ 59. Kh2 Kd2 60. Rd4+ Ke2 61. Rb4 Kxf2 62. Rb2+ Rc2 63. Rb3 Qg2# 0-1

[Event "Early-Titled-Tuesday-Blitz-February-13-2024"]
[Site "Chess.com"]
[Date "2024.02.13"]
[Round "8"]
[White "ProChessWICTH"]
[Black "YurasovMat-2012"]
[Result "0-1"]
[WhiteElo "2521"]
[BlackElo "2681"]
[TimeControl "180+1"]
[EndTime "9:33:22 PST"]
[Termination "YurasovMat-2012 won on time"]

1. e4 e5 2. Nf3 Nf6 3. Bc4 Nxe4 4. Nc3 Nd6 5. Bb3 Nc6 6. O-O Be7 7. Re1 O-O 8. Nxe5 Nxe5 9. Rxe5 Bf6 10. Re1 c6 11. d4 Nf5 12. Ne2 d5 13. c3 Re8 14. Bc2 Nd6 15. Ng3 g6 16. Bf4 Be6 17. Qf3 Bg5 18. Be5 Nc4 19. b3 Nxe5 20. Rxe5 f6 21. Re2 Qd7 22.
h3 f5 23. Rae1 Bf7 24. Nf1 Qd6 25. g3 c5 26. h4 Bf6 27. Rxe8+ Rxe8 28. Rxe8+ Bxe8 29.
Ne3 Bc6 30. g4 cxd4 31. cxd4 f4 32. Ng2 Bxd4 33. Nxf4 Be5 34. Nd3 d4 35. Qe2 Qd5 36. f3 Bg3 37. Kg2 Bxh4 38. Nb4 Qd6 39. Nxc6 bxc6 40. Qe8+ Kg7 41. Qe2 c5 42. Be4 Bd8 43. Kf1 Bc7 44. Ke1 Qg3+ 45. Kd1 h5 46. gxh5 gxh5 47.
Qa6 Qg1+ 48. Kc2 Qh2+ 49. Kb1 Be5 50. Qg6+ Kf8 51. Qf5+ Ke7 52. Qh7+ Kd8 53. Qg8+ Kc7 54. Qf7+ Kd6 55. Qd5+ Ke7 56. Qxc5+ Kf6 57. Qf8+ Kg5 58.
Qf5+ Kh4 59. f4 Bxf4 60. Bd3 Qg1+ 0-1

[Event "Early-Titled-Tuesday-Blitz-February-13-2024"]
[Site "Chess.com"]
[Date "2024.02.13"]
[Round "8"]
[White "Witik"]
[Black "PositionalPanther"]
[Result "0-1"]
[WhiteElo "2665"]
[BlackElo "2439"]
[TimeControl "180+1"]
[EndTime "9:33:25 PST"]
[Termination "PositionalPanther won on time"]

1. d4 e6 2. c4 f5 3. g3 Nf6 4.
Bg2 d5 5. Nc3 c6 6. Nh3 Bd6 7.
O-O O-O 8. Qc2 Bd7 9. Bf4 Be8 10.
Ng5 Qe7 11. e3 h6 12. Nf3 g5 13. Bxd6 Qxd6 14. Ne5 Nbd7 15. f4 Bh5 16. cxd5 Nxd5 17.
Nxd5 exd5 18. Qb3 Nxe5 19. fxe5 Qe7 20. e4 Be2 21. exd5 Bxf1 22. d6+ Qf7 23. e6 Qf6 24. d7 Kg7 25. Kxf1 f4 26. g4 f3 27. Bh3 Qf4 28. Qc2 Qd6 29. Re1 Rf6 30. Re4 f2 31. Re5 Qxd4 32. Qe2 Qf4 33. Rf5 Rxf5 34. gxf5 Qxh2 35. Qxf2 Qxf2+ 36. Kxf2 Kf6 37. Ke3 h5 38. Ke4 g4 39. Bg2 h4 40. Kf4 h3 41. Be4 Rg8 42.
Kg3 Ke7 43. Bh1 a5 44. a4 b5 45. Bxc6 bxa4 46. Bxa4 Rb8 47. b3 Rd8 48. Bc6 Rh8 49. Bh1 Rg8 50. Be4 Kf6 51. Kf4 g3 52. d8=Q+ Rxd8 53. Kxg3 Rh8 54. Kh2 Ke5 55. Bd3 Kf6 56.
Be4 Rb8 57. Kxh3 Rxb3+ 58. Kg4 Rb4 59. Kf3 a4 60. Bd5 a3 61. Ke3 Rb2 62. Kd4 a2 63.
Bxa2 Rxa2 64. Kc5 Rd2 0-1

[Event "Early-Titled-Tuesday-Blitz-February-13-2024"]
[Site "Chess.com"]
[Date "2024.02.13"]
[Round "8"]
[White "Hikaru"]
[Black "yosephtaher"]
[Result "1-0"]
[WhiteElo "3364"]
[BlackElo "2926"]
[TimeControl "180+1"]
[EndTime "9:33:27 PST"]
[Termination "Hikaru won by resignation"]

1. e4 c6 2. d4 d5 3. exd5 cxd5 4. Bd3 Nc6 5. c3 Qc7 6. Ne2 Bg4 7. f3 Bh5 8. Nf4 Bg6 9. Nxd5 Qd6 10. Ne3 Nf6 11. Na3 e6 12. Nac4 Qc7 13. a4 Rd8 14.
Qe2 Be7 15. O-O O-O 16. Bxg6 hxg6 17. Ng4 Nd5 18. g3 Rc8 19. Nce3 Rfd8 20. Nxd5 Rxd5 21. Bf4 Qb6 22. Kh1 Rcd8 23. Ne3 R5d7 24. Nc4 Qa6 25. Rfe1 Rc8 26. Ne5 Qxe2 27. Rxe2 Nxe5 28. Bxe5 a6 29. Bf4 Bd6 30. Bxd6 Rxd6 31. h4 Kf8 32. Kg2 Ke7 33. a5 Rd5 34. Ra3 Rb5 35. f4 Kd6 36. Kf2 f6 37.
Ra4 g5 38. hxg5 fxg5 39. fxg5 Rf8+ 40. Kg2 Rff5 41. b4 Rxg5 42. Ra1 Rbf5 43. Rae1 Rg6 44. c4 Rfg5 45. Re3 Rg4 46. Rd3 Rf6 47. Ree3 Rg5 48. Re4 Rgf5 49. Rd2 Rg5 50. Rb2 Rfg6 51. Rb3 Rg4 52.
Rxg4 Rxg4 53. Rd3 Re4 54. Kf3 Re1 55. d5 Rb1 56. c5+ Kd7 57. dxe6+ Kxe6 58. Rd6+ Kf5 59. Rb6 Rb3+ 60. Kg2 g5 61. Rxb7 Kg4 62. c6 Rb2+ 63. Kf1 Kxg3 64. c7 Rc2 65. b5 Kf3 66. Ke1 g4 67. Kd1 Rc3 68. b6 g3 69. Rb8 g2 70. Rg8 1-0

[Event "Early-Titled-Tuesday-Blitz-February-13-2024"]
[Site "Chess.com"]
[Date "2024.02.13"]
[Round "8"]
[White "Jospem"]
[Black "RobertoJBM"]
[Result "1/2-1/2"]
[WhiteElo "3034"]
[BlackElo "2812"]
[TimeControl "180+1"]
[EndTime "9:33:27 PST"]
[Termination "Game drawn by repetition"]

1. e4 c6 2. d4 d5 3. e5 Bf5 4. h4 Qb6 5. a4 a5 6. c3 e6 7. g4 Be4 8. f3 Bxb1 9. Rxb1 h5 10. Bd3 Be7 11. g5 g6 12. Ne2 Bd8 13. b4 axb4 14.
cxb4 Ne7 15. Qc2 Nd7 16. Bd2 Nf5 17. Bxf5 exf5 18. a5 Qb5 19. Nf4 Nf8 20. Qd3 Qxd3 21. Nxd3 Ne6 22. Bc3 Kd7 23. Kd2 Bc7 24. Ra1 b5 25. Rac1 Ra6 26. Bb2 Rc8 27. Rc2 Bd8 28. Rhc1 Be7 29. Ke3 Raa8 30. Bc3 Ra7 31. Be1 Ra6 32.
Bf2 Raa8 33. Ke2 Ra7 34. Kf1 Raa8 35. Kg2 Ra7 36. Kg3 Rcc7 37. Rb1 Ra8 38. Nc1 Raa7 39. Ne2 Ra8 40. Nc3 Ra6 41. f4 Ra8 42. Kf3 Raa7 43.
Ke3 Ra6 44. Rbc1 Bxb4 45. Be1 Bxa5 46. Ra2 Rca7 47. Rca1 b4 48. Ne2 Nc7 49. Nc1 Bb6 50. Bxb4 Rxa2 51. Rxa2 Rxa2 52. Nxa2 Nb5 53. Bc5 Bxc5 54.
dxc5 Nc7 55. Nb4 Ne6 56. Nd3 Kc7 57. Kd2 Kb7 58. Kc3 Ka6 59. Kb4 Nd4 60. Kc3 Ne2+ 61.
Kb4 Kb7 62. Kb3 Nd4+ 63. Kc3 Nf3 64. Kb4 Nxh4 65. Ne1 Kc7 66. Kc3 Kb7 67. Kb4 Ka6 68.
Ka4 Ka7 69. Ka5 Kb7 70. Ka4 Ka6 71. Kb4 Kb7 72. Ka5 Kc7 73. Kb4 Kb7 74. Ka5 Ka7 75. Ka4 Ka6 76. Kb4 Kb7 1/2-1/2

[Event "Early-Titled-Tuesday-Blitz-February-13-2024"]
[Site "Chess.com"]
[Date "2024.02.13"]
[Round "8"]
[White "Rurep26"]
[Black "bilosuvenosu06"]
[Result "1-0"]
[WhiteElo "2735"]
[BlackElo "2536"]
[TimeControl "180+1"]
[EndTime "9:33:27 PST"]
[Termination "Rurep26 won by resignation"]

1. d4 Nf6 2. Bf4 d5 3. e3 Bf5 4. c4 e6 5. Nc3 c6 6. Qb3 Qb6 7. c5 Qxb3 8. axb3 Nbd7 9. b4 a6 10. h3 Be7 11. Nf3 O-O 12. Nd2 Bg6 13. Nb3 Bd8 14.
Bd6 Re8 15. f3 Rc8 16. Na5 Bxa5 17. bxa5 e5 18. Kd2 exd4 19. exd4 Re6 20. Ne2 Ne8 21. Bh2 Re7 22. Nc3 h6 23. Ra3 Nf8 24. Rb3 Ne6 25. Rb4 Rd7 26. Bd3 Bxd3 27. Kxd3 g5 28. Ra1 N8g7 29. Ra3 Re8 30. Rab3 Nd8 31. Be5 Nh5 32.
g4 f6 33. Bd6 Ng7 34. Na4 Re6 35. Nb6 Rf7 36. Na8 Ne8 37. Bb8 Rfe7 38. Kc2 Kf7 39. Nb6 Re2+ 40. Kb1 R2e3 41. Nc8 Rxb3 42. Rxb3 Re1+ 43.
Ka2 Ke6 44. Nd6 Nxd6 45. cxd6 Kd7 46. Bc7 Nf7 47. Rxb7 Nxd6 48. Bxd6+ Kxd6 49. Ra7 Rd1 50. Rxa6 Rxd4 51. Ka3 Rd3+ 52. b3 Rxf3 53. Ra8 Rxh3 54. Rf8 Rf3 55. a6 Rf1 56. Kb2 Rf2+ 57. Ka3 Rf1 58. Kb4 Ra1 59. Rxf6+ Ke5 60. Rxc6 d4 61. Kb5 Kf4 62. Rd6 Kxg4 63. Rxd4+ Kf3 64. Ra4 Re1 65. a7 Re8 66. Kc6 g4 67. b4 g3 68. Ra3+ Kf2 69. b5 g2 70. Ra2+ Re2 71.
Ra1 Re1 72. Rxe1 Kxe1 73. a8=Q g1=Q 74. Qa1+ Kf2 75. Qxg1+ Kxg1 76. b6 h5 77. b7 h4 78.
b8=Q h3 79. Qg3+ Kf1 80. Qxh3+ 1-0